 Dungeon Crawl Stone Soup version 0.25.1-2-g60ff931df9 (webtiles) character file.

Game seed: 8773012200521896864

10603 Asymodius the Grappler (level 11, -1/98 HPs)
             Began as a Troll Monk on Oct 26, 2020.
             Was a High Priest of Okawaru.
             Slain by a spriggan rider
             ... wielding a +0 spear
              (19 damage)
             ... on level 1 of the Lair of Beasts.
             The game lasted 01:06:21 (7805 turns).

Asymodius the Grappler (Troll Monk)                 Turns: 7805, Time: 01:06:21

Health: -1/98      AC: 10    Str: 22    XL:     11   Next: 38%
Magic:  10/10      EV:  9    Int:  6    God:    Okawaru [*****.]
Gold:   560        SH: 22    Dex: 14    Spells: 8/10 levels left

rFire    . . .     SeeInvis .     - Unarmed
rCold    + . .     Gourm    +   n - +2 tower shield {rC+}
rNeg     . . .     Faith    .   t - +2 troll leather armour {Purgy}
rPois    .         Spirit   .   (helmet restricted)
rElec    +         Reflect  +   (no cloak)
rCorr    .         Harm     .   (gloves unavailable)
MR       +....                  (boots unavailable)
Stlth    ++........             F - amulet of reflection
HPRegen  1.06/turn              m - ring of flight
MPRegen  0.12/turn              H - ring of protection from magic

@: mighty, stab, hasted, very quick
A: large, unfitting armour, beak, claws 3, fast metabolism 3, gourmand,
regeneration 1, shaggy fur 1, electricity resistance, tough skin 3, evolution 1
a: Heroism, Finesse, Renounce Religion, Evoke Flight


You were on level 1 of the Lair of Beasts.
You worshipped Okawaru.
Okawaru was extremely pleased with you.
You were completely stuffed.

You visited 3 branches of the dungeon, and saw 11 of its levels.
You also visited: Sewer.

You collected 560 gold pieces.

Inventory:

Hand Weapons
 y - a +2 flail of protection
 A - a +3 quarterstaff of chaos
Missiles
 x - 124 stones
 J - 5 silver javelins
 L - 2 large rocks (quivered)
Armour
 a - a +0 robe
 g - a +0 robe
 n - a +2 tower shield of cold resistance (worn)
 t - a +2 troll leather armour (worn) {Purgy}
 B - a +0 cloak
 K - a +2 robe of positive energy
 M - a cursed +0 robe
Jewellery
 k - an uncursed amulet of faith
 m - a ring of flight (left claw)
 s - an uncursed amulet of the acrobat
 F - an amulet of reflection (around neck)
 H - a ring of protection from magic (right claw)
Wands
 f - a wand of iceblast (12)
 u - a wand of random effects (21)
 G - a wand of paralysis (17)
Scrolls
 e - 8 scrolls of remove curse
 h - 4 scrolls of amnesia
 l - 9 scrolls of identify
 o - 3 scrolls of blinking
 D - a scroll of magic mapping
 N - 2 scrolls of enchant weapon {unknown}
Potions
 c - a potion of flight
 j - a potion of mutation
 p - a potion of stabbing
 v - a potion of resistance {unknown}
 w - 4 potions of curing
 z - a potion of brilliance {unknown}
 C - 2 potions of degeneration {unknown}
 O - a potion of invisibility {unknown}
Comestibles
 b - 17 rations
 I - 12 chunks of flesh


   Skills:
 + Level 3.9 Fighting
 + Level 2.2 Throwing
 + Level 3.5 Armour
 + Level 6.0 Dodging
 + Level 2.4 Stealth
 * Level 5.4 Shields
 * Level 13.3 Unarmed Combat
 + Level 0.3 Invocations
 + Level 0.2 Evocations


You had 8 spell levels left.
You knew the following spells:

 Your Spells              Type           Power        Failure   Level  Hunger
a - Blink                 Tloc           N/A          100%        2    ###....

Your spell library contained the following spells:

 Spells                   Type           Power        Failure   Level  Hunger
 Magic Dart               Conj           #...         99%         1    ##.....
 Call Imp                 Summ           #.......     100%        2    ###....
 Slow                     Hex            #.......     100%        2    ###....
 Confusing Touch          Hex            #.......     100%        3    ####...
 Conjure Flame            Conj/Fire      #.......     100%        3    ####...
 Gell's Gravitas          Tloc           #.........   100%        3    ####...
 Mephitic Cloud           Conj/Pois/Air  #.......     100%        3    ####...
 Petrify                  Tmut/Erth      #.......     100%        4    #####..
 Metabolic Englaciation   Hex/Ice        #.........   100%        5    ######.
 Yara's Violent Unravell  Hex/Tmut       #.........   100%        5    ######.


Dungeon Overview and Level Annotations

Branches:
Dungeon (9/15)             Temple (1/1) D:7            Lair (1/6) D:9
    Orc (0/2) D:9           Sewer (visited)

Altars:
Ashenzari
Cheibriados
Dithmenos
Elyvilon
Fedhas
Gozag
Hepliaklqana
Kikubaaqudgha
Makhleb
Nemelex Xobeh
Okawaru
Qazlal
Ru
Sif Muna
Trog
Uskayaw
Vehumet
Wu Jian
Xom
Yredelemnul
Zin
The Shining One

Annotations:
Lair:1 SanSoy12's ghost, journeyman TrFi


Innate Abilities, Weirdness & Mutations

You are too large for most types of armour.
You have claws for hands.
Your metabolism is lightning-fast.
You like to eat raw meat.
Your natural rate of healing is unusually fast.
You are covered in fur. (AC +1)
You have extremely tough skin. (AC +3)
You have a beak for a mouth.
You are resistant to electric shocks. (rElec)
You evolve.


Message History

The wolf bites you but does no damage.
The spriggan rider hits you but does no damage.
You closely miss the wolf. You block the wolf's attack.
The wolf bites you but does no damage.
You thrash the wolf!!!
You kill the wolf!
Okawaru accepts your kill. You block the wolf's attack.
The spriggan rider hits you but does no damage.
You pummel the wolf!!
The wolf is almost dead.
You feel less wooden.
Your +2 troll leather armour {Purgy} unmelds from your body.
You block the wolf's attack.
Your shield and troll leather armour prevent you from hitting the wolf.
Your peck misses the wolf.
The wolf is almost dead.
You block the wolf's attack. x2
The spriggan rider hits you from afar with a +0 spear!!
You die...

##.......
#.........
##..........
##...........
............
...........
#††........
#@hi.......
##h........
#.......♣
#.§.♣%......
#.%§.........
#.....F......
♣♣....%......
.......8....
..... .....8.


You could see a spriggan rider and 2 wolves.

Vanquished Creatures
  Harold (D:8)
  Erica (D:8)
  A black mamba (Lair:1)
  3 spiny frogs (Lair:1)
  Psyche (D:8)
  Prince Ribbit (D:7)
  5 blink frogs (Lair:1)
  A wyvern (D:8)
  A spriggan (D:7)
  10 yaks
  A hungry ghost (D:7)
  A water moccasin (Lair:1)
  A porcupine (D:9)
  3 orc warriors
  A sky beast (D:9)
  Purgy (D:3)
  A black bear (D:9)
  An ice beast (D:2)
  3 phantoms
  A centaur (D:9)
  20 wolves (Lair:1)
  2 crocodiles
  A big kobold (Sewer)
  2 bullfrogs (D:7)
  2 scorpions
  4 howler monkeys
  3 crimson imps
  2 bullfrog zombies
  A jelly (D:7)
  3 hounds
  3 bullfrog skeletons
  A centaur zombie (D:9)
  7 orc wizards
  A gnoll shaman (D:8)
  3 orc priests
  Crazy Yiuf (D:4)
  A centaur skeleton (D:8)
  3 iguanas
  3 worker ants
  2 hound zombies
  Robin (D:4)
  5 gnolls (D:8)
  2 river rats (Sewer)
  11 adders
  6 oozes
  An adder zombie (D:6)
  An adder skeleton (D:5)
  4 worms
  A dart slug (D:1)
  6 leopard geckos
  33 orcs
  10 ball pythons
  3 giant cockroaches
  9 goblins
  12 hobgoblins
  10 jackals
  5 quokkas
  7 bats
  9 frilled lizards
  10 kobolds
  A quokka zombie (D:5)
  12 rats
  A plant (D:9)
264 creatures vanquished.

Vanquished Creatures (others)
  An orc warrior (D:9)
  A bullfrog (D:9)
  An adder (D:9)
  A fungus (D:4)
  3 toadstools (D:4)
7 creatures vanquished.

Grand Total: 271 creatures vanquished

Notes
Turn   | Place    | Note
-------+----------+-------------------------------------------
     0 | D:1      | Asymodius the Troll Monk began the quest for the Orb.
     0 | D:1      | Reached XP level 1. HP: 22/22 MP: 0/0
    40 | D:1      | Reached XP level 2. HP: 24/29 MP: 1/1
   355 | D:1      | Reached XP level 3. HP: 36/36 MP: 2/2
   544 | D:2      | Found an iron altar of Okawaru.
   777 | D:2      | Noticed an ice beast
   793 | D:2      | Killed an ice beast
   793 | D:2      | Reached skill level 4 in Unarmed Combat
   793 | D:2      | Reached XP level 4. HP: 16/45 MP: 3/3
   793 | D:2      | Reached XP level 5. HP: 19/53 MP: 4/4
   839 | D:2      | Became a worshipper of Warmaster Okawaru
   839 | D:2      | Reached * piety under Okawaru
   839 | D:2      | Reached ** piety under Okawaru
  1543 | D:3      | Noticed Purgy
  1546 | D:3      | Killed Purgy
  1546 | D:3      | Reached skill level 5 in Unarmed Combat
  1546 | D:3      | Reached XP level 6. HP: 56/61 MP: 5/5
  1700 | D:3      | Found a glowing silver altar of Zin.
  1700 | D:3      | Noticed an angel
  2164 | D:4      | Noticed Robin
  2181 | D:4      | Killed Robin
  2410 | D:4      | Reached skill level 1 in Armour
  2410 | D:4      | Reached skill level 6 in Unarmed Combat
  2538 | D:4      | Reached XP level 7. HP: 51/67 MP: 6/6
  2604 | D:4      | Found a runed translucent door.
  2605 | D:4      | Noticed Crazy Yiuf
  2622 | D:4      | Killed Crazy Yiuf
  2748 | D:5      | Entered Level 5 of the Dungeon
  2767 | D:5      | Learned a level 2 spell: Blink
  3019 | D:5      | Found a radiant altar of Vehumet.
  3453 | D:5      | Reached skill level 7 in Unarmed Combat
  3515 | D:6      | Found a blossoming altar of Fedhas.
  3568 | D:6      | Found a glowing drain.
  3588 | Sewer    | Entered a sewer
  3800 | Sewer    | Reached *** piety under Okawaru
  3815 | Sewer    | Reached skill level 1 in Throwing
  4379 | D:6      | Found an ancient bone altar of Kikubaaqudgha.
  4917 | D:6      | Reached XP level 8. HP: 75/75 MP: 7/7
  5143 | D:7      | Reached skill level 8 in Unarmed Combat
  5308 | D:7      | Noticed Prince Ribbit
  5344 | D:7      | Killed Prince Ribbit
  5348 | D:7      | Reached **** piety under Okawaru
  5348 | D:7      | Reached skill level 9 in Unarmed Combat
  5431 | D:7      | Found a staircase to the Ecumenical Temple.
  5440 | Temple   | Entered the Ecumenical Temple
  5874 | D:7      | Found a shimmering blue altar of Sif Muna.
  5876 | D:7      | Found an iron altar of Okawaru.
  5876 | D:7      | Found a glowing golden altar of the Shining One.
  5876 | D:7      | Found a snail-covered altar of Cheibriados.
  5877 | D:7      | Found an ornate altar of the Wu Jian Council.
  5877 | D:7      | Found a basalt altar of Yredelemnul.
  5878 | D:7      | Found a hide-covered altar of Uskayaw.
  6214 | D:8      | Reached XP level 9. HP: 83/83 MP: 8/8
  6230 | D:8      | Noticed Psyche
  6249 | D:8      | Killed Psyche
  6265 | D:8      | Received a gift from Okawaru
  6265 | D:8      | Reached skill level 10 in Unarmed Combat
  6321 | D:8      | Reached skill level 5 in Dodging
  6419 | D:8      | Noticed Erica
  6479 | D:8      | HP: 3/83 [Erica/+0 scimitar of flaming (4)]
  6483 | D:8      | Killed Erica
  6483 | D:8      | Received a gift from Okawaru
  6483 | D:8      | Reached skill level 11 in Unarmed Combat
  6484 | D:8      | Reached ***** piety under Okawaru
  6628 | D:8      | Received a gift from Okawaru
  6701 | D:8      | Noticed Harold
  6722 | D:8      | HP: 2/84 [Harold/+0 hand axe (29)]
  6729 | D:8      | Killed Harold
  6729 | D:8      | Received a gift from Okawaru
  6729 | D:8      | Reached XP level 10. HP: 36/92 MP: 9/9
  7072 | D:9      | Reached skill level 12 in Unarmed Combat
  7147 | D:9      | Found a shimmering altar of Xom.
  7269 | D:9      | Found a staircase to the Orcish Mines.
  7278 | D:9      | Reached skill level 1 in Shields
  7472 | D:9      | Found a staircase to the Lair.
  7482 | Lair:1   | Entered Level 1 of the Lair of Beasts
  7590 | Lair:1   | Identified the +4 trident "Neir" {freeze, rElec Str+3}
  7590 | Lair:1   | Noticed a spriggan rider
  7592 | Lair:1   | Noticed a moth of wrath
  7605 | Lair:1   | Noticed a spiny frog
  7620 | Lair:1   | Noticed SanSoy12's ghost (journeyman TrFi)
  7623 | Lair:1   | Reached skill level 13 in Unarmed Combat
  7623 | Lair:1   | Identified the +3 trident of the Key {protect, Int+4 Dex+2}
  7623 | Lair:1   | Noticed a spriggan rider
  7635 | Lair:1   | Killed a spiny frog
  7635 | Lair:1   | Reached XP level 11. HP: 28/98 MP: 6/10
  7740 | Lair:1   | Found a transporter.
  7742 | Lair:1   | Noticed a spriggan rider
  7765 | Lair:1   | Gained mutation: You evolve. [potion of mutation]
  7765 | Lair:1   | Gained mutation: You have a beak for a mouth. [potion of
                  | mutation]
  7765 | Lair:1   | Gained mutation: You are resistant to electric shocks.
                  | (rElec) [potion of mutation]
  7782 | Lair:1   | Reached skill level 5 in Shields
  7805 | Lair:1   | Slain by a spriggan rider

Illustrated notes

Levels and vault maps discovered:
D:1:      dpeg_arrival_long_road, layout_rooms, columned_hall_lemuel
D:2:      layout_loops_ring, okawaru_trees_1
D:3:      layout_loops_cross, zin_angel, uniq_purgy
D:4:      layout_loops_ring, chequers_serial_rivers_micro_d,
          minmay_gold_behind_fungi, uniq_crazy_yiuf_cottage, uniq_robin
D:5:      cheibrodos_quashed, layout_basic, first_ration, basic_altar
D:6:      layout_gridville, overflow_temple_1_default,
          overflow_temple_1_default, cheibrodos_sewer_entry_drain,
          solitary_fountain
D:7:      layout_basic, grunt_temple_overflow_open,
          minmay_temple_entry_drinking_statues, serial_bayou_lagoon_a,
          the_bakery, grunt_decor_cap, amethyst_killhole, lemuel_old_faithful,
          uniq_prince_ribbit1
D:8:      layout_rooms, uniq_psyche, uniq_erica, uniq_harold
D:9:      layout_basic, grunt_lair_entry_orc_guard_hut, orc_0_dummy,
          xom_confusion_cloud
Temple:   minmay_temple_forest_path
Lair:1:   layout_cave_shapes, gammafunk_ghost_wrathful_warriors,
          cheibrodos_lair_caveside_slide, grunt_forest_large_clearings,
          serial_bayou_shore_b

Skill      XL: |  1  2  3  4  5  6  7  8  9 10 11 |
---------------+----------------------------------+-----
Fighting       | 3 |  3.9
Unarmed Combat | 4 5 6 7 9 11 13 | 13.3
Dodging        | 3 4 5 6 |  6.0
Armour         | 1 2 3 |  3.5
Throwing       | 1 2 |  2.2
Stealth        | 2 |  2.4
Shields        | 3 5 |  5.4
Invocations    | |  0.3
Evocations     | |  0.2

Action                   |  1- 3 |  4- 6 |  7- 9 | 10-12 || total
-------------------------+-------+-------+-------+-------++-------
Melee: Unarmed           |   107 |   132 |   318 |   225 ||   782
       Punch             |     2 |     3 |     9 |       ||    14
Throw: Stone             |       |    14 |    85 |       ||    99
       Javelin           |       |       |     5 |       ||     5
       Large rock        |       |       |     4 |       ||     4
Invok: Heroism           |       |       |     2 |     4 ||     6
       Finesse           |       |       |       |     1 ||     1
Evoke: Wand              |       |       |     2 |     1 ||     3
  Use: Scroll            |       |       |    13 |     1 ||    14
       Potion            |       |       |     6 |     7 ||    13
 Stab: Sleeping          |     3 |     6 |     3 |     1 ||    13
  Eat: Chunk             |    13 |    16 |    39 |    10 ||    78
       Ration            |       |       |     1 |       ||     1
Armor: Robe              |    39 |    11 |       |       ||    50
       Troll leather arm |       |    19 |   114 |    38 ||   171
       Skin              |       |       |       |    36 ||    36
Dodge: Dodged            |    56 |    53 |   182 |    57 ||   348
Block: Other             |       |       |    29 |       ||    29
       Reflection        |       |       |     1 |     2 ||     3
       Tower shield      |       |       |       |   296 ||   296
